 Dungeon Crawl Stone Soup version 0.28-a0-706-gf6f64a616a (webtiles) character file.

Game seed: 4939751585236811899

12 Crownlay the Skirmisher (level 2, -5/27 HPs)
             Began as a Hill Orc Fighter on Oct 24, 2021.
             Slain by Sigmund (7 damage)
             ... on level 2 of the Dungeon.
             The game lasted 00:00:40 (871 turns).

Crownlay the Skirmisher (Hill Orc Fighter)           Turns: 871, Time: 00:00:40

Health: -5/27      AC:  6    Str: 18    XL:     2   Next: 33%
Magic:  2/2        EV:  9    Int:  8    God:
Gold:   30         SH:  0    Dex: 10    Spells: 1/1 levels left

rFire   . . .      SeeInvis .   a - +0 war axe
rCold   . . .      Faith    .   (no shield)
rNeg    . . .      Spirit   .   b - +0 scale mail
rPois   .          Reflect  .   (no helmet)
rElec   .          Harm     .   (no cloak)
rCorr   .          Rampage  .   (no gloves)
Will    .....                   (no boots)
Stlth   ..........              (no amulet)
HPRegen 0.09/turn               (no ring)
MPRegen 0.08/turn               (no ring)

@: mighty
A: no striking features
a: no special abilities


You were on level 2 of the Dungeon.
You visited 1 branch of the dungeon, and saw 2 of its levels.

You collected 30 gold pieces.

Inventory:

Hand Weapons
 a - a +0 war axe (weapon)
Armour
 b - a +0 scale mail (worn)
 c - a +0 buckler
Scrolls
 f - 2 scrolls of identify {unknown}
 i - a scroll of summoning {unknown}
Potions
 e - a potion of flight {unknown}
 g - a potion of magic {unknown}
 h - a potion of lignification {unknown}


   Skills:
 + Level 3.9 Fighting
 * Level 3.6 Axes
 - Level 3.2 Armour
 - Level 3.2 Shields


You had one spell level left.
You didn't know any spells.
Your spell library contained the following spells:

 Spells                   Type           Power      Damage    Failure   Level
 Blink                    Tloc           0%         N/A       90%         2
 Lesser Beckoning         Tloc           0%         N/A       99%         3
 Manifold Assault         Tloc           0%         N/A       100%        5


Dungeon Overview and Level Annotations

Branches:
Dungeon (2/15)

Altars:

Annotations:
D:2 Sigmund


Message History

You are too confused!
You are too confused!
You are too confused!
You are too confused!
You bump into the rock wall.
Sigmund breaks down the door.
Sigmund points at you and mumbles some strange words.
The magic dart hits you!
You're too confused to move!
You feel less confused.
You feel very mighty all of a sudden.
Sigmund says, "Now you see me, now you don't..."
Sigmund casts a spell at you. You resist with significant effort.
Sigmund closely misses you.
You closely miss Sigmund. Sigmund hits you but does no damage.
You hit Sigmund.
Sigmund is lightly wounded.
Sigmund hits you with a +1 scythe of venom!
You closely miss Sigmund.
Sigmund is lightly wounded.
Sigmund points at you and mumbles some strange words.
The puff of flame hits you!
* * * LOW HITPOINT WARNING * * *
You slash Sigmund!
Sigmund is heavily wounded.
Sigmund gestures at you while chanting. You resist with significant effort.
You slash Sigmund!
Sigmund is almost dead.
Sigmund hits you with a +1 scythe of venom.
* * * LOW HITPOINT WARNING * * *
You completely miss Sigmund.
Sigmund is almost dead.
Sigmund hits you with a +1 scythe of venom.
* * * LOW HITPOINT WARNING * * *
You closely miss Sigmund.
Sigmund is almost dead.
Sigmund hits you with a +1 scythe of venom!
You die...

##+## #.##
##...## #....
##.....##..#.#
##.......#.....
#...........#)#
+.........'$...
#.......@...#.#
#..<..@.#
##.....##
##...## ##+##


You could see Sigmund.

Vanquished Creatures
  A dart slug (D:1)
  2 endoplasms
  A goblin (D:1)
  2 hobgoblins (D:1)
  A bat (D:1)
  2 kobolds (D:1)
  A rat (D:1)
10 creatures vanquished.

Notes
Turn   | Place    | Note
-------+----------+-------------------------------------------
     0 | D:1      | Crownlay the Hill Orc Fighter began the quest for the Orb.
     0 | D:1      | Reached XP level 1. HP: 19/19 MP: 1/1
   320 | D:1      | Reached XP level 2. HP: 25/27 MP: 2/2
   853 | D:2      | Noticed Sigmund
   871 | D:2      | Slain by Sigmund

Illustrated notes

Levels and vault maps discovered:
D:1:      sevenhm_arrival_forest_fort_small_4, layout_loops_ring,
          minmay_nonomino_d4
D:2:      minmay_inner_zag, layout_loops_corners, serial_glass, glass_columns_a,
          glass_columns_b, kennysheep_generic_room_8, uniq_sigmund,
          uniq_natasha, uniq_jessica

Skill      XL: |  1 |
---------------+----+-----
Axes           | 3 |  3.6
Fighting       | |  3.9
Armour         | |  3.2
Shields        | |  3.2

Action                   || total
-------------------------++-------
Melee: War axe           ||    42
  Use: Potion            ||     1
Armor: Scale mail        ||    18
Dodge: Dodged            ||    27

Table legend: (Time is in decaauts)
 A = Elapsed time spent in this place.
 B = Non-inter-level travel time spent in this place.
 C = Inter-level travel time spent in this place.
 D = Time resting spent in this place.
 E = Time spent auto-exploring this place.
 F = Levels seen in this place.
 G = Mean time per level.
                   A        B        C        D        E       F      G
               +--------+--------+--------+--------+--------+-----+--------+
         Total |    893 |    835 |     58 |      0 |    723 |   2 |  446.5 |
       Dungeon |    893 |    835 |     58 |      0 |    723 |   2 |  446.5 |
               +--------+--------+--------+--------+--------+-----+--------+

Top non-repeatable levels by time:
     D:1: 871 daAuts
     D:2: 22 daAuts
